 Dungeon Crawl Stone Soup version 0.30-a0-857-gcaf70739d4 (webtiles) character file.

Game seed: 4798231241073802732

19 dolemite99 the Magician (level 2, -6/21 HPs)
             Began as a Djinni Conjurer on Mar 6, 2023.
             Mangled by a gnoll
             ... wielding a +0 spear
              (8 damage)
             ... on level 2 of the Dungeon.
             The game lasted 00:01:28 (1854 turns).

dolemite99 the Magician (Djinni Conjurer)           Turns: 1854, Time: 00:01:29

Health: -6/21      AC:  3    Str:  6    XL:     2   Next: 95%
Gold:   71         EV: 12    Int: 19    God:
                   SH:  0    Dex: 11

rFire   + + .      SeeInvis .    (no weapon)
rCold   x . .      Faith    .    (no shield)
rNeg    . . .      Spirit   .    a - +0 robe
rPois   ∞          Reflect  .    h - +0 helmet
rElec   .          Rampage  .    (no cloak)
rCorr   .                        (no gloves)
Will    .....                    (boots unavailable)
Stlth   ++                       (no amulet)
HPRegen 0.23/turn                (no ring)
MPRegen 0.00/turn                (no ring)

@: flying
A: sickness immunity, fire resistance 2, cold vulnerability 1, float, innate
caster, HP casting, extra vitality 1
a: no special abilities


You were on level 2 of the Dungeon.
You visited 1 branch of the dungeon, and saw 2 of its levels.

You collected 71 gold pieces.

Inventory:

Armour
 a - a +0 robe (worn)
 h - a +0 helmet (worn)
Scrolls
 b - a scroll of fog {unknown}
 g - 2 scrolls of identify {unknown}
Potions
 c - a potion of attraction {unknown}
 d - 3 potions of curing {unknown}
 e - a potion of haste


   Skills:
 - Level 2.1 Dodging
 - Level 1.5 Stealth
 + Level 3.8 Spellcasting


You knew the following spells:

 Your Spells              Type           Power      Damage    Failure   Level
a - Magic Dart            Conj           72%        1d6       3%          1
b - Searing Ray           Conj           36%        2d5       4%          2
c - Dazzling Flash        Conj/Hex       36%        N/A       9%          3
d - Fulminant Prism       Conj/Hex       9%         3d7       28%         4
e - Iskenderun's Mystic   Conj/Tloc      18%        2d6       28%         4
Your spell library was empty.

Dungeon Overview and Level Annotations

Branches:
Dungeon (2/15)

Altars:

Shops:
D:1 !


Innate Abilities, Weirdness & Mutations

You are immune to sickness and miasma.
You are immune to poison.
Your flesh is very heat resistant. (rF++)
You are vulnerable to cold. (rC-)
You float through the air rather than walking.
You learn spells naturally, not from books.
Your magical power is your life essence.
You have superior vitality. (+4 MHP)


Message History

The adder attacks as you move away! The adder barely misses you.
The adder bites you but does no damage. The adder attacks as you move away!
The adder closely misses you. The hobgoblin attacks as you move away!
The hobgoblin barely misses you. The adder bites you.
The adder attacks as you move away! The adder bites you but does no damage.
The adder bites you but does no damage. The adder attacks as you move away!
The adder barely misses you. The adder bites you. The adder bites you.
Casting: Magic Dart (safe; 3% risk of failure)
Confirm with . or Enter, or press ? or * to list all spells.
Aiming: Searing Ray (safe; 4% risk of failure)
Press: ? - help, Shift-Dir - straight line, f - gnoll, p - hobgoblin
Aim: a gnoll, wielding a +0 spear (81% to hit)
The searing ray hits the adder.
The adder is moderately wounded.
The searing ray hits the hobgoblin.
You kill the hobgoblin!
The searing ray misses the gnoll. (Press . to maintain the ray.)
The adder bites you.
The searing ray misses the adder.
The searing ray hits the gnoll.
The gnoll is moderately wounded.
The adder bites you but does no damage. x2
The gnoll hits you from afar with a +0 spear.
* * * LOW HITPOINT WARNING * * *
The searing ray hits the adder.
The adder is heavily wounded.
The searing ray hits the gnoll.
The gnoll is severely wounded.
* * * LOW HITPOINT WARNING * * *
The adder closely misses you. The gnoll hits you but does no damage.
The searing ray hits the adder.
You kill the adder!
The searing ray misses the gnoll.
* * * LOW HITPOINT WARNING * * *
You finish channelling your searing ray.
The gnoll hits you from afar with a +0 spear!
You die...

........#
........##
.......P.. ##
......♣. .##
....♣♣♣ ♣♣♣.P#
#..P♣♣♣♣♣♣..P#
#..PP.♣..♣..#
##...PP.P...#######
###...P###...g.@.#
###### #.#####.#
#.# .# #.. .# .P#
.#


♣PP .# ♣♣. .. ## You could see a gnoll.

Vanquished Creatures
  An adder (D:2)
  2 ball pythons (D:2)
  4 endoplasms
  A giant cockroach (D:2)
  A goblin (D:2)
  3 hobgoblins
  A kobold (D:2)
  A quokka (D:1)
  2 frilled lizards (D:2)
  A rat (D:1)
17 creatures vanquished.

Vanquished Creatures (others)
  15 plants (D:2)
15 creatures vanquished.

Grand Total: 32 creatures vanquished

Notes
Turn   | Place    | Note
-------+----------+-------------------------------------------
     0 | D:1      | dolemite99 the Djinni Conjurer began the quest for the Orb.
     0 | D:1      | dolemite99 set off with the following spells memorised:
                  | Magic Dart, Searing Ray, Dazzling Flash, Fulminant Prism,
                  | Iskenderun's Mystic Blast.
     0 | D:1      | Reached XP level 1. HP: 15/15 MP: 0/0
   487 | D:1      | Reached XP level 2. HP: 19/21 MP: 0/0
   532 | D:1      | Found Guant's Distillery.
  1854 | D:2      | Mangled by a gnoll

Illustrated notes

Levels and vault maps discovered:
D:1:      giann_horns, layout_basic, serial_shops, shop, minmay_misc_feat_five,
          minmay_domino_4
D:2:      layout_basic, serial_forest, infiniplex_forest_lined_2,
          infiniplex_forest_lined_corner, infiniplex_forest_clump_large,
          infiniplex_forest_straight_5, infiniplex_forest_clump_long,
          infiniplex_forest_clump_long, infiniplex_forest_clump_large,
          infiniplex_forest_clump_small, infiniplex_forest_straight_2,
          infiniplex_forest_end_2, grunt_ministairs_7, minmay_misc_feat_plants,
          kennysheep_pointless_box, nicolae_elevator_lobby_plus

Action                     || total
---------------------------++-------
  Melee: Unarmed           ||    10
   Cast: Magic Dart        ||    30
         Searing Ray       ||     2
    Use: Scroll            ||     1
 Armour: Robe              ||     7
  Dodge: Dodged            ||    27

Table legend: (Time is in decaauts)
 A = Elapsed time spent in this place.
 B = Non-inter-level travel time spent in this place.
 C = Inter-level travel time spent in this place.
 D = Time resting spent in this place.
 E = Time spent auto-exploring this place.
 F = Levels seen in this place.
 G = Mean time per level.
                   A        B        C        D        E       F      G
               +--------+--------+--------+--------+--------+-----+--------+
         Total |   1853 |   1819 |     34 |    618 |    992 |   2 |  926.5 |
       Dungeon |   1853 |   1819 |     34 |    618 |    992 |   2 |  926.5 |
               +--------+--------+--------+--------+--------+-----+--------+

Top non-repeatable levels by time:
     D:1: 1209 daAuts
     D:2: 644 daAuts
